 Dungeon Crawl Stone Soup version 0.29.1-15-g9cfb28693d (webtiles) character file.

Game seed: 1027645552628146776

219 ThatPearl the Gusty (level 5, 0/31 HPs)
             Began as a Tengu Air Elementalist on Mar 8, 2023.
             Killed from afar by an orc wizard (5 damage)
             ... with a magic dart
             ... on level 4 of the Dungeon.
             The game lasted 00:08:13 (3659 turns).

ThatPearl the Gusty (Tengu Air Elementalist)        Turns: 3659, Time: 00:08:16

Health: 0/31       AC:  3    Str:  8    XL:     5   Next: 96%
Magic:  3/10       EV: 15    Int: 17    God:
Gold:   192        SH:  0    Dex: 15    Spells: 4/10 levels left

rFire   . . .      SeeInvis .   m - +1 short sword
rCold   . . .      Faith    .   (no shield)
rNeg    . . .      Spirit   .   a - +0 robe
rPois   .          Reflect  .   (helmet restricted)
rElec   .          Harm     .   g - +0 cloak
rCorr   .          Rampage  .   (no gloves)
Will    .....                   (boots unavailable)
Stlth   ++........              (no amulet)
HPRegen 0.10/turn               (no ring)
MPRegen 0.12/turn               (no ring)

@: weak-willed, flying quickly and evasively, very slightly contaminated, quick
A: beak, talons 3, nimble flight
a: no special abilities


You were on level 4 of the Dungeon.
You visited 1 branch of the dungeon, and saw 4 of its levels.

You collected 192 gold pieces.

Inventory:

Hand Weapons
 m - a +1 short sword (weapon)
 p - a +0 spear
Armour
 a - a +0 robe (worn)
 g - a +0 cloak (worn)
Jewellery
 o - a ring of protection from fire
Scrolls
 c - 2 scrolls of identify
Potions
 b - a potion of magic
 e - a potion of flight {unknown}
 f - 2 potions of curing {unknown}
 h - a potion of resistance {unknown}
 j - a potion of attraction {unknown}
 k - a potion of heal wounds {unknown}
 q - a potion of might {unknown}


   Skills:
 + Level 2.3 Fighting
 + Level 2.8 Dodging
 - Level 2.0 Stealth
 + Level 3.0 Spellcasting
 + Level 3.6 Conjurations
 + Level 5.3 Air Magic


You had 4 spell levels left.
You knew the following spells:

 Your Spells              Type           Power      Damage    Failure   Level
a - Shock                 Conj/Air       72%        1d7       2%          1
d - Static Discharge      Conj/Air       18%        3-6/arc   4%          2
s - Swiftness             Air            20%        N/A       6%          3

Your spell library contained the following spells:

 Spells                   Type           Power      Damage    Failure   Level
 Airstrike                Air            10%        2d(2-18)  19%         4


Dungeon Overview and Level Annotations

Branches:
Dungeon (4/15)
 Temple: D:4-7

Altars:
Sif Muna


Innate Abilities, Weirdness & Mutations

You have a beak for a mouth.
You have claws for feet.
Your magical nature lets you fly swiftly and evasively.


Message History

* * * LOW HITPOINT WARNING * * *
The goblin misses you.
You miss something. Your kick misses something. Your peck misses something.
Something hits you but does no damage. The goblin hits you but does no damage.
Found 11 gold pieces.
You feel less confused.
You closely miss something. Your kick misses something.
Your peck misses something. Something hits you but does no damage.
You barely miss something. Something hits you.
* * * LOW HITPOINT WARNING * * *
You hit something but do no damage. Your kick misses something.
You hear some strange, mumbled words.
Something tries to affect you, but you resist.
Aiming: Shock (safe; 2% risk of failure)
Press: ? - help, Q - select action, (/) - cycle Shift-Dir - straight line The zap hits the goblin.
You kill the goblin!
The zap hits something but does no damage.
Something completely misses you.
Aiming: Shock (safe; 2% risk of failure)
Press: ? - help, Q - select action, (/) - cycle Shift-Dir - straight line, f - you That beam is likely to hit you.
Continue anyway?
Okay, then.
Casting: Shock (safe; 2% risk of failure)
Confirm with . or Enter, or press ? or * to list all spells.
You don't know that spell.
Casting: Shock (safe; 2% risk of failure)
Confirm with . or Enter, or press ? or * to list all spells.
You miscast Static Discharge.
You are very lightly contaminated with residual magic.
Nothing appears to happen.
Something hits you but does no damage.
Casting: Static Discharge (safe; 4% risk of failure)
Confirm with . or Enter, or press ? or * to list all spells.
Aiming: Shock (safe; 2% risk of failure)
Press: ? - help, Shift-Dir - straight line The zap hits something.
You hear some strange, mumbled words.
A magic dart appears from out of thin air!
The magic dart hits you.
You die...

#.# #.# #
#.# #. #.#
#. #.# #..
##.####
#..##)..).#
#...#{###)#
#..@.# #
##.#.#
#.#...
..##..# ..$
..# ....
..# ##...
..# ##.. .#


There were no monsters in sight!

Vanquished Creatures
  2 orc priests (D:3)
  5 adders
  3 gnolls
  3 worms
  4 dart slugs
  6 orcs
  4 endoplasms
  A giant cockroach (D:2)
  6 goblins
  4 hobgoblins
  3 jackals (D:3)
  4 kobolds
  4 quokkas
  4 ball pythons
  4 bats
  5 frilled lizards
  5 rats
67 creatures vanquished.

Notes
Turn   | Place    | Note
-------+----------+-------------------------------------------
     0 | D:1      | ThatPearl the Tengu Air Elementalist began the quest for
                  | the Orb.
     0 | D:1      | Reached XP level 1. HP: 10/10 MP: 4/4
   668 | D:1      | Reached XP level 2. HP: 10/16 MP: 1/6
  1097 | D:2      | Learned a level 2 spell: Static Discharge
  1182 | D:2      | Reached skill level 1 in Fighting
  1182 | D:2      | Reached XP level 3. HP: 18/20 MP: 0/7
  1254 | D:2      | Learned a level 3 spell: Swiftness
  2016 | D:2      | Reached XP level 4. HP: 24/25 MP: 5/8
  2536 | D:3      | Reached skill level 5 in Air Magic
  2536 | D:3      | Gained mutation: Your magical nature lets you fly swiftly
                  | and evasively. [Tengu growth]
  2536 | D:3      | Reached XP level 5. HP: 30/30 MP: 4/10
  2852 | D:3      | Found a faded altar of an unknown god.
  3384 | D:4      | Found a shimmering blue altar of Sif Muna.
  3436 | D:4      | Noticed an ogre
  3659 | D:4      | Killed from afar by an orc wizard

Illustrated notes

Levels and vault maps discovered:
D:1:      dpeg_arrival_connections, layout_loops_ring
D:2:      layout_loops_ring, bh_walls_and_bars
D:3:      layout_rooms, basic_ecumenical_altar
D:4:      layout_loops_ring, nicolae_sif_muna_condensation,
          dk_yredelemnul_ordeal, cheibrodos_sewer_entry_bend,
          nicolae_shop_sticking_my_neck_out

Skill      XL: |  1  2  3  4  5 |
---------------+----------------+-----
Conjurations   | 2 3 |  3.6
Fighting       | 1 2 |  2.3
Air Magic      | 5 |  5.3
Spellcasting   | 3 |  3.0
Dodging        | |  2.8
Stealth        | |  2.0

Action                   |  1- 3 |  4- 6 || total
-------------------------+-------+-------++-------
Melee: Dagger            |     2 |       ||     2
       Peck              |     2 |       ||     2
       Short sword       |    12 |    11 ||    23
       Kick              |     3 |     3 ||     6
 Cast: Shock             |    56 |    67 ||   123
       Static Discharge  |     3 |    10 ||    13
  Use: Scroll            |       |     4 ||     4
 Stab: Sleeping          |     2 |     1 ||     3
Armor: Robe              |     8 |     7 ||    15
Dodge: Dodged            |    19 |    22 ||    41
